AoeStats
← [KMNB] Bandeira

Lombardia

508911659Analyzed
3v3 RM · 8d ago on Sep 24, 2026· 48m 38s· 6 players
Game mode
Random Map
Map size
Normal (6 player)
Population
200
Speed
Normal
Resources
Standard
Victory
Conquest
Starting age
Dark Age
Ending age
Imperial Age
RankedLock teamsTeams togetherTeam positionsShared explorationLock speedFull tech treeHidden civsTurbo modeCheats
Victory
Defeat
🇫🇮 Varangians · Finland
1551
+18
🇫🇮 Celts · Finland
1533
+19
🇫🇮 Britons · Finland
1502
+20
🇧🇷 Varangians · Brazil
1645
-20
🇧🇷 Persians · Brazil
1608
-20
🇧🇷 Magyars · Brazil
1550
-17
Ee-meili
7:21 Loom
11:16 Feudal Age
12:12 Double-Bit Axe
12:08 Horse Collar
15:19 Town Watch
18:47 Castle Age
17:57 Bloodlines
18:16 Scale Barding Armor
19:48 Bow Saw
21:28 Husbandry
27:58 Forging
29:18 Chain Barding Armor
33:20 Wheelbarrow
38:57 Imperial Age
37:59 Heavy Plow
37:46 Vendel Legacy
40:37 Iron Casting
41:34 Plate Barding Armor
42:18 Blast Furnace
41:46 Conscription
41:35 Cavalier
43:04 Fletching
46:16 Light Cavalry
47:04 Bodkin Arrow
gottagou
10:59 Feudal Age
14:37 Castle Age
12:41 Double-Bit Axe
13:46 Horse Collar
14:47 Loom
22:33 Scale Mail Armor
22:44 Forging
23:39 Wheelbarrow
22:49 Town Watch
26:32 Bow Saw
26:22 Heavy Plow
27:34 Pikeman
29:09 Chain Mail Armor
30:30 Iron Casting
30:39 Hand Cart
30:09 Town Watch
35:38 Imperial Age
32:58 Arson
34:40 Fletching
35:11 Ballistics
35:01 Masonry
34:47 Murder Holes
35:42 Gold Mining
35:42 Stone Mining
35:45 Onager
36:41 Siege Engineers
37:37 Chemistry
36:08 Halberdier
37:42 Coinage
37:51 Siege Onager
38:28 Murder Holes
40:34 Plate Mail Armor
41:05 Blast Furnace
39:31 Capped Ram
40:54 Siege Ram
42:31 Guard Tower
42:26 Arrowslits
46:24 Furor Celtica
45:37 Elite Woad Raider
46:08 Stronghold
46:39 Conscription
DogMeat-
10:33 Feudal Age
10:05 Loom
12:32 Double-Bit Axe
16:15 Castle Age
17:14 Fletching
17:55 Bow Saw
24:02 Crossbowman
25:57 Wheelbarrow
25:26 Horse Collar
26:24 Heavy Plow
27:17 Bodkin Arrow
27:56 Ballistics
29:56 Gold Mining
29:57 Stone Mining
34:34 Imperial Age
34:24 Hand Cart
33:55 Town Watch
34:21 Padded Archer Armor
35:27 Town Patrol
35:52 Bracer
36:07 Leather Archer Armor
35:20 Arbalester
37:18 Chemistry
43:59 Ring Archer Armor
44:17 Conscription
44:28 Yeomen
45:17 Conscription
47:54 Hoardings
[KMNB] Bandeira
6:52 Loom
9:13 Feudal Age
9:39 Double-Bit Axe
13:57 Forging
13:53 Scale Barding Armor
17:01 Wheelbarrow
17:30 Horse Collar
20:44 Castle Age
19:18 Bloodlines
20:54 Gold Mining
20:32 Light Cavalry
21:13 Husbandry
25:58 Chain Barding Armor
28:54 Iron Casting
30:19 Hand Cart
33:48 Town Watch
38:21 Imperial Age
37:21 Heavy Plow
37:40 Caravan
38:07 Cavalier
39:19 Conscription
41:21 Plate Barding Armor
42:05 Hussar
Fs.Khronos
1:30 Loom
8:55 Feudal Age
9:07 Loom
11:46 Double-Bit Axe
11:58 Gold Mining
21:40 Castle Age
20:10 Horse Collar
20:20 Fletching
21:09 Forging
21:51 Padded Archer Armor
22:15 Bodkin Arrow
23:07 Leather Archer Armor
23:46 Bow Saw
25:45 Ballistics
27:26 Wheelbarrow
28:40 Husbandry
31:57 Bloodlines
32:41 Heavy Plow
37:08 Hand Cart
39:35 Imperial Age
37:15 Town Watch
39:24 Hand Cart
39:44 Hand Cart
40:19 Bracer
40:50 Ring Archer Armor
41:25 Chemistry
40:06 Cranequins
43:18 Masonry
44:20 Heavy Mounted Crossbowman
Fs.Khan op
7:28 Loom
9:43 Feudal Age
10:22 Double-Bit Axe
10:43 Horse Collar
20:26 Castle Age
20:06 Bloodlines
21:30 Wheelbarrow
21:42 Light Cavalry
27:50 Husbandry
29:03 Bow Saw
29:17 Scale Barding Armor
29:41 Heavy Plow
34:40 Hand Cart
37:00 Imperial Age
34:48 Hand Cart
34:27 Gold Mining
34:28 Stone Mining
35:26 Corvinian Army
36:39 Chain Barding Armor
38:00 Gold Shaft Mining
38:12 Conscription
37:57 Hussar
39:54 Two-Man Saw
39:31 Plate Barding Armor
38:51 Elite Magyar Huszar
39:55 Scale Mail Armor
39:17 Pikeman
39:42 Arson
41:11 Chain Mail Armor
40:18 Halberdier
41:08 Caravan
42:40 Crop Rotation
42:18 Town Watch
42:01 Cavalier
44:26 Capped Ram
Connection lost

Rejoining the realm…

Still unreachable

The connection could not be restored.

Session expired

The server has moved on; the page needs a fresh start.